TOP OF THE 1ST |
Fresno State University Bulldogs batting - Pitching for University of North Carolina at Chapel Hill Tar Heels : LHP Gabe Zarco
|
Pitching: LHP Gabe Zarco
|
|
Batting: RHB Tony Nowak
|
0-0: Ball 1-0: Foul Ball, location: 2F 1-1: Foul Ball, location: 2F 1-2: Reached on error, E7 (Flyball, 7LS, EV 77.5 MPH)
|
Batting: LHB Ollie Strauss
|
0-0: SINGLE (Line Drive, 7LS, EV 103.1 MPH) Tony Nowak to second
|
Batting: SHB Carlton Stannard
|
0-0: Foul Ball, location: 2F 0-1: Ball 1-1: Foul Ball, location: 2F 1-2: Strikes out swinging
|
Batting: RHB Sandy Munoz
|
0-0: Foul Ball, location: 2F 0-1: Grounds into double play, 3-6-1 (Groundball, 3, EV 95.6 MPH)
|
Top of the 1st over - 0 runs, 1 hit, 1 error, 1 left on base; Fresno State University 0 - University of North Carolina at Chapel Hill 0 |
BOTTOM OF THE 1ST |
University of North Carolina at Chapel Hill Tar Heels batting - Pitching for Fresno State University Bulldogs : RHP Dave Heck
|
Pitching: RHP Dave Heck
|
|
Batting: LHB Ryan Young
|
0-0: Called Strike 0-1: Ground out U3 (Groundball, 34S, EV 73.1 MPH)
|
Batting: SHB Ryan Marsh
|
0-0: Ball 1-0: Called Strike 1-1: Swinging Strike 1-2: Ball 2-2: Foul Ball, location: 2F 2-2: Ball 3-2: Fly out, F5 (Popup, 5SF, EV 85.6 MPH)
|
Batting: SHB Sam Fredrick
|
0-0: Swinging Strike 0-1: Swinging Strike 0-2: Strikes out looking
|
Bottom of the 1st over - 0 runs, 0 hits, 0 errors, 0 left on base; Fresno State University 0 - University of North Carolina at Chapel Hill 0 |
TOP OF THE 2ND |
Fresno State University Bulldogs batting - Pitching for University of North Carolina at Chapel Hill Tar Heels : LHP Gabe Zarco
|
Batting: LHB Abraham Batista
|
0-0: Called Strike 0-1: Called Strike 0-2: SINGLE (Groundball, 4, EV 102.5 MPH)
|
Batting: RHB Danilo Baldia
|
0-0: Ball 1-0: Called Strike 1-1: Fielders Choice at 2nd, 5-4 (Groundball, 56S, EV 85.0 MPH)
|
Batting: LHB Brad Benanti
|
0-0: Ball 1-0: SINGLE (Line Drive, 7S, EV 85.0 MPH) Danilo Baldia to second
|
Batting: RHB Charles Shaw
|
0-0: Ball 1-0: Grounds into double play, 4-6-3 (Groundball, 4, EV 82.5 MPH)
|
Top of the 2nd over - 0 runs, 2 hits, 0 errors, 1 left on base; Fresno State University 0 - University of North Carolina at Chapel Hill 0 |
BOTTOM OF THE 2ND |
University of North Carolina at Chapel Hill Tar Heels batting - Pitching for Fresno State University Bulldogs : RHP Dave Heck
|
Batting: SHB Jim Saxon
|
0-0: Swinging Strike 0-1: Ball 1-1: Ball 2-1: SINGLE (Line Drive, 7S, EV 98.1 MPH)
|
Batting: RHB Tan Halit
|
0-0: Ball 1-0: Foul Ball, location: 2F 1-1: Ball 2-1: Grounds into double play, 4-6-3 (Groundball, 34S, EV 81.2 MPH)
|
Batting: RHB Tony Jennings
|
0-0: Ball 1-0: Called Strike 1-1: Ball 2-1: Ball 3-1: Foul Ball, location: 2F 3-2: Strikes out looking
|
Bottom of the 2nd over - 0 runs, 1 hit, 0 errors, 0 left on base; Fresno State University 0 - University of North Carolina at Chapel Hill 0 |
TOP OF THE 3RD |
Fresno State University Bulldogs batting - Pitching for University of North Carolina at Chapel Hill Tar Heels : LHP Gabe Zarco
|
Batting: RHB Sinfronio Carreon
|
0-0: Called Strike 0-1: Foul Ball, location: 2F 0-2: Fly out, F7 (Flyball, 7S, EV 75.6 MPH)
|
Batting: RHB Tony Nowak
|
0-0: Ground out 5-3 (Groundball, 56S, EV 88.1 MPH)
|
Batting: LHB Ollie Strauss
|
0-0: Foul Ball, location: 2F 0-1: Ball 1-1: Called Strike 1-2: Ball 2-2: Ground out 4-3 (Groundball, 34, EV 102.5 MPH)
|
Top of the 3rd over - 0 runs, 0 hits, 0 errors, 0 left on base; Fresno State University 0 - University of North Carolina at Chapel Hill 0 |
BOTTOM OF THE 3RD |
University of North Carolina at Chapel Hill Tar Heels batting - Pitching for Fresno State University Bulldogs : RHP Dave Heck
|
Batting: RHB Mike Storey
|
0-0: Ball 1-0: Ball 2-0: Foul Ball, location: 2F 2-1: Ball 3-1: Base on Balls
|
Batting: RHB Kyle Franken
|
0-0: Called Strike 0-1: Foul Ball, location: 2F 0-2: Foul Ball, location: 2F 0-2: Ball 1-2: SINGLE (Line Drive, 7S, EV 110.6 MPH) Mike Storey to second
|
Batting: RHB Bill Atley
|
0-0: Foul Ball, location: 2F 0-1: Ball 1-1: Ball 2-1: Foul Ball, location: 2F 2-2: Foul Ball, location: 2F 2-2: Grounds into double play, 5-4-3 (Groundball, 56, EV 105.6 MPH) Mike Storey to third
|
Batting: LHB Ryan Young
|
0-0: Fly out, F8 (Line Drive, 89M, EV 88.1 MPH)
|
Bottom of the 3rd over - 0 runs, 1 hit, 0 errors, 1 left on base; Fresno State University 0 - University of North Carolina at Chapel Hill 0 |
TOP OF THE 4TH |
Fresno State University Bulldogs batting - Pitching for University of North Carolina at Chapel Hill Tar Heels : LHP Gabe Zarco
|
Batting: SHB Carlton Stannard
|
0-0: Swinging Strike 0-1: Ball 1-1: SINGLE (Line Drive, 7LS, EV 96.2 MPH)
|
Batting: RHB Sandy Munoz
|
0-0: Called Strike 0-1: Called Strike 0-2: Ball 1-2: Fly out, F9 (Flyball, 9D, EV 101.2 MPH)
|
Batting: LHB Abraham Batista
|
0-0: Ball 1-0: Called Strike 1-1: Fielders Choice at 2nd, 3-6 (Groundball, 3, EV 78.1 MPH)
|
Batting: RHB Danilo Baldia
|
0-0: Ball 1-0: Ball 2-0: Foul Ball, location: 2F 2-1: Fly out, F7 (Flyball, 7, EV 90.0 MPH)
|
Top of the 4th over - 0 runs, 1 hit, 0 errors, 1 left on base; Fresno State University 0 - University of North Carolina at Chapel Hill 0 |
BOTTOM OF THE 4TH |
University of North Carolina at Chapel Hill Tar Heels batting - Pitching for Fresno State University Bulldogs : RHP Dave Heck
|
Batting: SHB Ryan Marsh
|
0-0: Ball 1-0: Called Strike 1-1: Called Strike 1-2: Ball 2-2: SINGLE (Flyball, 8RS, EV 98.8 MPH)
|
Batting: SHB Sam Fredrick
|
0-0: Ball 1-0: Grounds into double play, 6-4-3 (Groundball, 6, EV 107.5 MPH)
|
Batting: SHB Jim Saxon
|
0-0: Ball 1-0: Foul Ball, location: 2F 1-1: Foul Ball, location: 2F 1-2: Strikes out swinging
|
Bottom of the 4th over - 0 runs, 1 hit, 0 errors, 0 left on base; Fresno State University 0 - University of North Carolina at Chapel Hill 0 |
TOP OF THE 5TH |
Fresno State University Bulldogs batting - Pitching for University of North Carolina at Chapel Hill Tar Heels : LHP Gabe Zarco
|
Batting: LHB Brad Benanti
|
0-0: Ball 1-0: Fly out, F8 (Flyball, 89M, EV 91.9 MPH)
|
Batting: RHB Charles Shaw
|
0-0: Fly out, F8 (Flyball, 8RD, EV 92.5 MPH)
|
Batting: RHB Sinfronio Carreon
|
0-0: Ground out U3 (Groundball, 3L, EV 83.1 MPH)
|
Top of the 5th over - 0 runs, 0 hits, 0 errors, 0 left on base; Fresno State University 0 - University of North Carolina at Chapel Hill 0 |
BOTTOM OF THE 5TH |
University of North Carolina at Chapel Hill Tar Heels batting - Pitching for Fresno State University Bulldogs : RHP Dave Heck
|
Batting: RHB Tan Halit
|
0-0: SINGLE (Line Drive, 4D, EV 97.5 MPH)
|
Batting: RHB Tony Jennings
|
0-0: Ball 1-0: Ball 2-0: Sac Bunt to 23 - play at first, batter OUT! 3-4 Tan Halit to second
|
Batting: RHB Mike Storey
|
0-0: Called Strike 0-1: Ball 1-1: Swinging Strike 1-2: Ball Wild Pitch! Tan Halit to third 2-2: Fly out, F7 (Line Drive, 7S, EV 93.1 MPH)
|
Batting: RHB Kyle Franken
|
0-0: Ball 1-0: Ball 2-0: Ball 3-0: Called Strike 3-1: Ground out U3 (Groundball, 34S, EV 81.2 MPH)
|
Bottom of the 5th over - 0 runs, 1 hit, 0 errors, 1 left on base; Fresno State University 0 - University of North Carolina at Chapel Hill 0 |
TOP OF THE 6TH |
Fresno State University Bulldogs batting - Pitching for University of North Carolina at Chapel Hill Tar Heels : LHP Gabe Zarco
|
Batting: RHB Tony Nowak
|
0-0: Ball 1-0: Swinging Strike 1-1: Foul Ball, location: 2F 1-2: SINGLE (Flyball, 34D, EV 81.9 MPH)
|
Batting: LHB Ollie Strauss
|
0-0: Ball 1-0: Ball 2-0: Foul Ball, location: 2F 2-1: Foul Ball, location: 2F 2-2: Ball 3-2: Base on Balls Tony Nowak to second
|
Batting: SHB Carlton Stannard
|
0-0: Ball 1-0: Foul Ball, location: 2F 1-1: Ball 2-1: SINGLE (Line Drive, 9LM, EV 99.4 MPH) Tony Nowak to third Ollie Strauss to second
|
Batting: RHB Sandy Munoz
|
0-0: Called Strike 0-1: Ball 1-1: Swinging Strike 1-2: SINGLE (Flyball, 8RS, EV 86.9 MPH) Tony Nowak scores Ollie Strauss to third Carlton Stannard to second
|
Batting: LHB Abraham Batista
|
0-0: Ball 1-0: Ball 2-0: Called Strike 2-1: Swinging Strike 2-2: Ball 3-2: Foul Ball, location: 2F 3-2: Base on Balls Ollie Strauss scores Carlton Stannard to third Sandy Munoz to second
|
Batting: RHB Danilo Baldia
|
0-0: Ball 1-0: Ball 2-0: Reached on error, E8 (Flyball, 8LD, EV 110.0 MPH) Carlton Stannard scores Sandy Munoz to third Abraham Batista to second
|
Batting: LHB Brad Benanti
|
0-0: Ball 1-0: Foul Ball, location: 2F 1-1: Ball 2-1: SINGLE (Groundball, 56, EV 97.5 MPH) Sandy Munoz scores Abraham Batista to third Danilo Baldia to second
|
Pitching: LHP Andrew Lowe
|
|
Batting: RHB Charles Shaw
|
0-0: Foul Ball, location: 2F 0-1: DOUBLE (Line Drive, 8RXD, EV 109.4 MPH) Abraham Batista scores Danilo Baldia scores Brad Benanti to third
|
Batting: RHB Sinfronio Carreon
|
0-0: Ball 1-0: Ground out 5-3 (Groundball, 56, EV 79.4 MPH) Brad Benanti scores
|
Batting: RHB Tony Nowak
|
0-0: Foul Ball, location: 2F 0-1: Ball 1-1: Ball 2-1: Ground out 3-1 (Groundball, 34, EV 97.5 MPH) Charles Shaw to third
|
Batting: LHB Ollie Strauss
|
0-0: Fly out, F8 (Line Drive, 78M, EV 110.0 MPH)
|
Top of the 6th over - 7 runs, 5 hits, 1 error, 1 left on base; Fresno State University 7 - University of North Carolina at Chapel Hill 0 |
BOTTOM OF THE 6TH |
University of North Carolina at Chapel Hill Tar Heels batting - Pitching for Fresno State University Bulldogs : RHP Dave Heck
|
Batting: RHB Bill Atley
|
0-0: Foul Ball, location: 2F 0-1: Swinging Strike 0-2: Strikes out looking
|
Batting: LHB Ryan Young
|
0-0: Ball 1-0: Called Strike 1-1: Ball 2-1: Fly out, F8 (Flyball, 78S, EV 87.5 MPH)
|
Batting: SHB Ryan Marsh
|
0-0: Swinging Strike 0-1: Ball 1-1: Called Strike 1-2: Ball 2-2: Ground out 4-3 (Groundball, 4, EV 86.9 MPH)
|
Bottom of the 6th over - 0 runs, 0 hits, 0 errors, 0 left on base; Fresno State University 7 - University of North Carolina at Chapel Hill 0 |
TOP OF THE 7TH |
Fresno State University Bulldogs batting - Pitching for University of North Carolina at Chapel Hill Tar Heels : LHP Andrew Lowe
|
Batting: SHB Carlton Stannard
|
0-0: Called Strike 0-1: Foul Ball, location: 2F 0-2: Strikes out looking
|
Pinch Hitting: LHB Moktar Ame
|
0-0: Ball 1-0: Called Strike 1-1: Ball 2-1: Called Strike 2-2: Ball 3-2: Foul Ball, location: 2F 3-2: Strikes out swinging
|
Pitching: RHP Bobby Franco
|
|
Batting: LHB Abraham Batista
|
0-0: Foul Ball, location: 2F 0-1: Ball 1-1: Called Strike 1-2: Strikes out swinging
|
Top of the 7th over - 0 runs, 0 hits, 0 errors, 0 left on base; Fresno State University 7 - University of North Carolina at Chapel Hill 0 |
BOTTOM OF THE 7TH |
University of North Carolina at Chapel Hill Tar Heels batting - Pitching for Fresno State University Bulldogs : RHP Dave Heck
|
Pitching: LHP Jason Campbell
|
|
Now in LF: Ollie Strauss
|
|
Now in CF: Moktar Ame
|
|
Batting: SHB Sam Fredrick
|
0-0: Foul Ball, location: 2F 0-1: Ball 1-1: Swinging Strike 1-2: Fly out, F9 (Flyball, 89M, EV 83.8 MPH)
|
Batting: SHB Jim Saxon
|
0-0: Ball 1-0: Ball 2-0: Called Strike 2-1: Foul Ball, location: 2F 2-2: Ball 3-2: SINGLE (Flyball, 34D, EV 95.6 MPH)
|
Batting: RHB Tan Halit
|
0-0: Foul Ball, location: 2F 0-1: Swinging Strike 0-2: Foul Ball, location: 2F 0-2: Ball 1-2: Foul Ball, location: 2F 1-2: Ball 2-2: Fielders Choice at 2nd, 3-6 (Groundball, 34, EV 78.1 MPH)
|
Batting: RHB Tony Jennings
|
0-0: Foul Ball, location: 2F 0-1: Ball 1-1: Foul Ball, location: 2F 1-2: Strikes out swinging
|
Bottom of the 7th over - 0 runs, 1 hit, 0 errors, 1 left on base; Fresno State University 7 - University of North Carolina at Chapel Hill 0 |
TOP OF THE 8TH |
Fresno State University Bulldogs batting - Pitching for University of North Carolina at Chapel Hill Tar Heels : RHP Bobby Franco
|
Batting: RHB Danilo Baldia
|
0-0: Ball 1-0: Swinging Strike 1-1: Called Strike 1-2: Ground out 4-3 (Groundball, 34, EV 86.2 MPH)
|
Pinch Hitting: RHB John Chapman
|
0-0: Foul Ball, location: 2F 0-1: Swinging Strike 0-2: Ball 1-2: Strikes out looking
|
Batting: RHB Charles Shaw
|
0-0: Swinging Strike 0-1: Called Strike 0-2: Strikes out swinging
|
Top of the 8th over - 0 runs, 0 hits, 0 errors, 0 left on base; Fresno State University 7 - University of North Carolina at Chapel Hill 0 |
BOTTOM OF THE 8TH |
University of North Carolina at Chapel Hill Tar Heels batting - Pitching for Fresno State University Bulldogs : LHP Jason Campbell
|
Now at 3B: John Chapman
|
|
Batting: RHB Mike Storey
|
0-0: Called Strike 0-1: Ground out 6-3 (Groundball, 6, EV 109.4 MPH)
|
Batting: RHB Kyle Franken
|
0-0: Ball 1-0: Fly out, F7 (Flyball, 7D, EV 92.5 MPH)
|
Batting: RHB Bill Atley
|
0-0: Ball 1-0: Fly out, F9 (Flyball, 89D, EV 95.0 MPH)
|
Bottom of the 8th over - 0 runs, 0 hits, 0 errors, 0 left on base; Fresno State University 7 - University of North Carolina at Chapel Hill 0 |
TOP OF THE 9TH |
Fresno State University Bulldogs batting - Pitching for University of North Carolina at Chapel Hill Tar Heels : RHP Bobby Franco
|
Batting: RHB Sinfronio Carreon
|
0-0: Ball 1-0: SINGLE (Groundball, 6D, EV 105.0 MPH)
|
Batting: RHB Tony Nowak
|
0-0: DOUBLE (Line Drive, 78M, EV 101.2 MPH) Sinfronio Carreon to third
|
Batting: LHB Ollie Strauss
|
0-0: Ground out 4-3 (Groundball, 4, EV 106.9 MPH) Sinfronio Carreon scores Tony Nowak to third
|
Batting: SHB Carlton Stannard
|
0-0: Called Strike 0-1: Ball 1-1: Ball 2-1: Ball 3-1: Swinging Strike 3-2: Base on Balls
|
Pitching: RHP Jason Kaelber
|
|
Batting: LHB Moktar Ame
|
0-0: Called Strike 0-1: Ball 1-1: Ball 2-1: Ball 3-1: Called Strike 3-2: Foul Ball, location: 2F 3-2: Foul Ball, location: 2F 3-2: SINGLE (Groundball, 6M, EV 94.4 MPH) Tony Nowak scores Carlton Stannard to second
|
Batting: LHB Abraham Batista
|
0-0: Foul Ball, location: 2F 0-1: Swinging Strike 0-2: Ball 1-2: Foul Ball, location: 2F 1-2: Ball 2-2: Foul Ball, location: 2F 2-2: Foul Ball, location: 2F 2-2: Strikes out swinging
|
Batting: RHB Danilo Baldia
|
0-0: Ball 1-0: Ball 2-0: Ball 3-0: Called Strike 3-1: Base on Balls Carlton Stannard to third Moktar Ame to second
|
Batting: RHB John Chapman
|
0-0: Ball 1-0: Foul Ball, location: 2F 1-1: SINGLE (Line Drive, 3D, EV 101.9 MPH) Carlton Stannard scores Moktar Ame to third Danilo Baldia to second
|
Pitching: RHP Didier Pages
|
|
Pinch Hitting: RHB Ryan Roberts
|
0-0: Foul Ball, location: 2F 0-1: Ball 1-1: Ball 2-1: Foul Ball, location: 2F 2-2: Strikes out looking
|
Top of the 9th over - 3 runs, 4 hits, 0 errors, 3 left on base; Fresno State University 10 - University of North Carolina at Chapel Hill 0 |
BOTTOM OF THE 9TH |
University of North Carolina at Chapel Hill Tar Heels batting - Pitching for Fresno State University Bulldogs : LHP Jason Campbell
|
Now at C: Ryan Roberts
|
|
Batting: LHB Ryan Young
|
0-0: Ball 1-0: Ball 2-0: Ball 3-0: Base on Balls
|
Pitching: RHP Antonio Levario
|
|
Batting: SHB Ryan Marsh
|
0-0: Reached on error, E3 (Groundball, 34, EV 88.1 MPH) Ryan Young to second
|
Batting: SHB Sam Fredrick
|
0-0: Called Strike 0-1: Called Strike 0-2: Ball 1-2: Ball 2-2: Strikes out swinging
|
Batting: SHB Jim Saxon
|
0-0: Called Strike 0-1: Foul Ball, location: 2F 0-2: Ball 1-2: Ball 2-2: Strikes out looking
|
Batting: RHB Tan Halit
|
0-0: Ball 1-0: Fielders Choice at 2nd, 6-4 (Groundball, 6, EV 83.8 MPH)
|
Bottom of the 9th over - 0 runs, 0 hits, 1 error, 2 left on base; Fresno State University 10 - University of North Carolina at Chapel Hill 0 |
|